 Dungeon Crawl Stone Soup version 0.32-a0-646-g91cf321817 (webtiles) character file.

Game seed: 10509122098885595285

2128 Ank the Carver (level 9, -6/71 HPs)
             Began as a Coglin Gladiator on Mar 8, 2024.
             Killed from afar by an electric eel (10 damage)
             ... with a bolt of electricity
             ... on level 8 of the Dungeon.
             The game lasted 00:17:44 (7510 turns).

Ank the Carver (Coglin Gladiator)                   Turns: 7510, Time: 00:17:45

Health: -6/71      AC: 12    Str: 14    XL:     9   Next: 29%
Magic:  9/9        EV:  8    Int:  8    God:
Gold:   239        SH:  0    Dex: 20    Spells: 8/8 levels left

rFire   . . .        a - +0 long sword {Edeltraud}
rCold   . . .        f - +0 dagger {Paramjit}
rNeg    . . .        k - +0 chain mail
rPois   .            c - +0 helmet
rElec   .            (no cloak)
rCorr   .            (no gloves)
SInv    .            u - +0 pair of boots
Will    .....        (amulet unavailable) Stlth
                     (ring unavailable)
HPRegen 0.31/turn    (ring unavailable)
MPRegen 0.11/turn    (no gizmo)

%: no passive effects
@: revved
A: off-hand wielding, slow wielding, warmup strikes, no jewellery
a: Invent Gizmo


You were on level 8 of the Dungeon.
You visited 1 branch of the dungeon, and saw 8 of its levels.

You collected 443 gold pieces.
You spent 204 gold pieces at shops.

Inventory:

Hand Weapons
 a - a +0 long sword (weapon) {Edeltraud}
 f - a +0 dagger (offhand) {Paramjit}
 x - a +0 orcbow
Missiles
 d - 3 throwing nets (quivered)
 e - a javelin
Armour
 c - a +0 helmet (worn)
 k - a +0 chain mail (worn)
 u - a +0 pair of boots (worn)
Scrolls
 b - 3 scrolls of revelation {unknown}
 g - 2 scrolls of enchant armour {unknown}
 i - 6 scrolls of identify {unknown}
 j - 5 scrolls of teleportation {unknown}
 l - a scroll of vulnerability {unknown}
 m - a scroll of fear {unknown}
 p - a scroll of blinking {unknown}
 r - a scroll of noise {unknown}
 v - a scroll of immolation {unknown}
 w - a scroll of silence {unknown}
Potions
 h - 3 potions of curing {unknown}
 n - 2 potions of degeneration {unknown}
 o - a potion of ambrosia {unknown}
 q - a potion of magic {unknown}
 s - a potion of cancellation {unknown}
 t - 2 potions of enlightenment {unknown}


   Skills:
 + Level 6.6 Fighting
 + Level 8.4 Long Blades
 - Level 1.7 Throwing
 * Level 5.6 Armour
 - Level 2.8 Dodging


You had 8 spell levels left.
You didn't know any spells.
Your spell library contained the following spells:

 Spells                   Type           Power      Damage    Failure   Level
 Call Imp                 Summ           0%         N/A       100%        2
 Sublimation of Blood     Necr           0%         N/A       100%        2
 Dazzling Flash           Conj/Hex       0%         N/A       100%        3
 Hailstorm                Conj/Ice       0%         3d5       100%        3
 Stone Arrow              Conj/Erth      0%         3d7       100%        3
 Summon Ice Beast         Ice/Summ       0%         N/A       100%        3
 Volatile Blastmotes      Fire/Tloc      0%         2d10      100%        3
 Animate Armour           Summ/Erth      0%         N/A       100%        4
 Sculpt Simulacrum        Ice/Alch       0%         N/A       100%        6
 Starburst                Conj/Fire      0%         6d3       100%        6
 Summon Hydra             Summ           0%         N/A       100%        7
 Lehudib's Crystal Spear  Conj/Erth      0%         10d2      100%        8
 Maxwell's Capacitive Co  Air            0%         ∞         100%        8


Dungeon Overview and Level Annotations

Branches:
Dungeon (8/15)             Temple (0/1) D:7
   Lair: D:8-11

Altars:
Dithmenos
Okawaru
Uskayaw
Wu Jian
Xom
Yredelemnul
The Shining One

Shops:
D:2 (   D:6 (

Annotations:
D:7 Maurice


Innate Abilities, Weirdness & Mutations

You can wield a second weapon in your off-hand.
It takes a long time for you to wield or remove held weapons.
Your first few attacks do less damage.
You cannot equip rings or amulets.


Message History

You hit the electric eel with your +0 dagger.
You closely miss the electric eel with your +0 long sword.
The electric eel is heavily wounded.
You closely miss the electric eel with your +0 dagger.
You hit the electric eel but do no damage.
The electric eel is heavily wounded.
You closely miss the electric eel with your +0 long sword.
The electric eel shoots out a bolt of lightning at you!
The bolt of electricity hits you!
The electric eel shoots out a bolt of lightning at you!
The bolt of electricity hits you!
* * * LOW HITPOINT WARNING * * *
You completely miss the electric eel with your +0 long sword.
The electric eel is heavily wounded.
You hit the electric eel but do no damage.
You slash the electric eel with your +0 long sword!
You kill the electric eel!
You hear a splash.
You barely miss the electric eel with your +0 long sword.
You hit the electric eel with your +0 dagger.
You miss the electric eel with your +0 long sword.
The electric eel is lightly wounded.
You hit the electric eel but do no damage.
You hit the electric eel but do no damage.
The electric eel is lightly wounded.
You slash the electric eel with your +0 long sword!
The electric eel shoots out a bolt of lightning at you!
The bolt of electricity misses you.
You hit the electric eel with your +0 dagger.
The electric eel is almost dead.
You closely miss the electric eel with your +0 long sword.
The electric eel shoots out a bolt of lightning at you!
The bolt of electricity hits you!
* * * LOW HITPOINT WARNING * * *
You barely miss the electric eel with your +0 dagger.
The electric eel is almost dead.
You hit the electric eel but do no damage.
The electric eel shoots out a bolt of lightning at you!
The bolt of electricity hits you!
You die...

#...#.# ##.#....#######
......# ..............#
......# .#..#....####.#
#
.........P.##.#######.#
...P.......†..........#
.........[.##.#########
..~..~.../.##.#
P~~.~~........#
~~..~~~.@.#####
~~..~≈S†.# ~~≈~≈≈≈~.#
..~~~≈≈~.# ...~~≈~..#
..~~~....# ...~.....#
.##.######


You could see an electric eel.

Vanquished Creatures
  Joseph (D:7)
  Grinder (D:5)
  A steam dragon (D:5)
  3 scorpions (D:5)
  A bullfrog (D:7)
  5 wights
  3 killer bees (D:8)
  A howler monkey (D:4)
  An electric eel (D:8)
  A bombardier beetle (D:5)
  5 hounds
  4 orc priests
  A sleepcap (D:6)
  6 iguanas
  3 orc wizards
  8 adders
  A shadow imp (D:7)
  6 white imps
  2 ufetubi (D:7)
  3 dart slugs (D:4)
  4 ribbon worms
  21 orcs
  4 ball pythons
  7 endoplasms
  A giant cockroach (D:4)
  10 goblins
  4 hobgoblins
  2 jackals (D:2)
  4 quokkas
  4 bats
  2 frilled lizards
  7 kobolds
  11 rats
138 creatures vanquished.

Notes
Turn   | Place    | Note
-------+----------+-------------------------------------------
     0 | D:1      | Ank the Coglin Gladiator began the quest for the Orb.
     0 | D:1      | Reached XP level 1. HP: 16/16 MP: 1/1
   316 | D:1      | Reached XP level 2. HP: 22/22 MP: 2/2
   854 | D:1      | Reached XP level 3. HP: 20/28 MP: 3/3
  1093 | D:2      | Reached skill level 4 in Long Blades
  1217 | D:2      | Found Kutewu's Antique Weapon Shop.
  1616 | D:3      | Reached XP level 4. HP: 34/34 MP: 4/4
  2611 | D:4      | Reached XP level 5. HP: 41/41 MP: 5/5
  2721 | D:4      | Reached skill level 5 in Long Blades
  2731 | D:4      | Reached XP level 6. HP: 11/48 MP: 6/6
  3458 | D:4      | Reached skill level 6 in Long Blades
  3518 | D:2      | Bought a blackened long sword for 204 gold pieces
  3518 | D:2      | Identified the +8 long sword of Ynuengaj {heavy, ^Contam
                  | Will- Dex+7} (You bought it in a shop on level 2 of the
                  | Dungeon)
  3699 | D:5      | Entered Level 5 of the Dungeon
  3706 | D:5      | Noticed a steam dragon
  3720 | D:5      | Killed a steam dragon
  3721 | D:5      | Reached XP level 7. HP: 11/55 MP: 7/7
  3972 | D:5      | Found a basalt altar of Yredelemnul.
  4115 | D:5      | Reached skill level 7 in Long Blades
  4350 | D:5      | Reached skill level 5 in Fighting
  4413 | D:5      | Reached skill level 1 in Armour
  4543 | D:5      | Noticed Grinder
  4555 | D:5      | Paralysed by Grinder for 2 turns
  4558 | D:5      | Paralysed by Grinder for 5 turns
  4565 | D:5      | Killed Grinder
  4566 | D:5      | Reached XP level 8. HP: 38/63 MP: 8/8
  5063 | D:6      | Found an iron altar of Okawaru.
  5065 | D:6      | Found a shadowy altar of Dithmenos.
  5067 | D:6      | Found a shimmering altar of Xom.
  5067 | D:6      | Found a glowing golden altar of the Shining One.
  5068 | D:6      | Found a hide-covered altar of Uskayaw.
  5218 | D:6      | Found Loxuicwe's Weapon Boutique.
  5830 | D:7      | Found an ornate altar of the Wu Jian Council.
  6033 | D:6      | Reached skill level 8 in Long Blades
  6183 | D:7      | Noticed Joseph
  6201 | D:7      | Killed Joseph
  6202 | D:7      | Reached skill level 5 in Armour
  6202 | D:7      | Reached XP level 9. HP: 16/71 MP: 9/9
  6423 | D:7      | Found a staircase to the Ecumenical Temple.
  7155 | D:7      | Noticed Maurice
  7161 | D:7      | Paralysed by Maurice for 2 turns
  7269 | D:8      | Noticed a red devil
  7269 | D:8      | Noticed a red devil
  7269 | D:8      | Noticed a red devil
  7510 | D:8      | Killed from afar by an electric eel

Illustrated notes

Levels and vault maps discovered:
D:1:      lemuel_arrival_behind_the_door_small, layout_basic
D:2:      layout_loops_ring, serial_shops, shop, grunt_decor_resistance
D:3:      layout_loops_corners
D:4:      layout_loops_ring, serial_bayou_lagoon_a, minmay_close_crescents
D:5:      layout_basic, mainiacjoe_overflow_24_doors, glass_columns_a,
          uniq_grinder
D:6:      layout_loops_ring, grunt_temple_overflow_open, serial_shops, shop
D:7:      layout_layer_cave, kennysheep_little_box,
          minmay_temple_entry_poolview, solitary_fountain,
          dreamdust_wishing_well, uniq_joseph, uniq_maurice, uniq_jeremiah
D:8:      layout_loops_cross, lair_entry_dummy, fungi_pond_lemuel,
          einodemon_armed_red_devil_minivault

Skill      XL: |  1  2  3  4  5  6  7  8 |
---------------+-------------------------+-----
Long Blades    | 4 5 6 7 8 |  8.4
Fighting       | 3 4 5 6 |  6.6
Armour         | 2 5 |  5.6
Throwing       | |  1.7
Dodging        | |  2.8

Action                     |  1- 3 |  4- 6 |  7- 9 || total
---------------------------+-------+-------+-------++-------
  Melee: Long sword        |    69 |   116 |   262 ||   447
         Dagger            |    57 |   105 |   240 ||   402
   Stab: Sleeping          |     2 |       |       ||     2
 Armour: Leather armour    |     5 |       |       ||     5
         Chain mail        |    37 |    82 |   209 ||   328
  Dodge: Dodged            |    35 |    42 |    84 ||   161

Table legend: (Time is in decaauts)
 A = Elapsed time spent in this place.
 B = Non-inter-level travel time spent in this place.
 C = Inter-level travel time spent in this place.
 D = Time resting spent in this place.
 E = Time spent auto-exploring this place.
 F = Levels seen in this place.
 G = Mean time per level.
                   A        B        C        D        E       F      G
               +--------+--------+--------+--------+--------+-----+--------+
         Total |   7508 |   7167 |    341 |    120 |   5560 |   8 |  938.5 |
       Dungeon |   7508 |   7167 |    341 |    120 |   5560 |   8 |  938.5 |
               +--------+--------+--------+--------+--------+-----+--------+

Top non-repeatable levels by time:
     D:6: 1250 daAuts
     D:3: 1155 daAuts
     D:5: 1140 daAuts
     D:7: 1132 daAuts
     D:4: 970 daAuts
     D:1: 895 daAuts
     D:2: 719 daAuts
     D:8: 245 daAuts
